 Dungeon Crawl Stone Soup version 0.23.2-40-g277498a001 (webtiles) character file.

Game seed: 7345057959941016367

39 Martska the Skirmisher (level 3, -5/20 HPs)
             Began as a Vine Stalker Fighter on Oct 1, 2019.
             Splashed by a jelly's acid (7 damage)
             ... on level 2 of the Dungeon.
             The game lasted 00:01:40 (806 turns).

Martska the Skirmisher (Vine Stalker Fighter)        Turns: 806, Time: 00:01:42

Health: -5/20      AC:  2    Str: 19    XL:     3   Next: 45%
Magic:  0/4        EV:  7    Int:  8    God:
Gold:   110        SH:  9    Dex: 13    Spells: 2/2 levels left

rFire    . . .     SeeInvis .   a - +0 war axe
rCold    . . .     Gourm    .   c - +0 shield
rNeg     . . .     Faith    .   b - +0 scale mail
rPois    .         Spirit   +   (no helmet)
rElec    .         Reflect  .   (no cloak)
rCorr    .         Harm     .   (no gloves)
MR       .....                  (no boots)
Stlth    ..........             (no amulet)
HPRegen  0.06/turn              (no ring)
MPRegen  0.09/turn              (no ring)

@: corroded
A: fangs 2, magic shield, antimagic bite, no potion heal 3, rot immunity
a: no special abilities


You were on level 2 of the Dungeon.
You were not hungry.

You visited 1 branch of the dungeon, and saw 2 of its levels.

You collected 110 gold pieces.

Inventory:

Hand Weapons
 a - a +0 war axe (weapon)
Armour
 b - a +0 scale mail (worn)
 c - a +0 shield (worn)
Scrolls
 g - 3 scrolls of identify {unknown}
 h - 3 scrolls of enchant weapon {unknown}
 j - 2 scrolls of magic mapping {unknown}
 m - a scroll of amnesia {unknown}
 n - a scroll of teleportation {unknown}
Potions
 d - a potion of might
 e - a potion of invisibility {unknown}
 i - a potion of heal wounds {unknown}
 k - 3 potions of curing {unknown}
 l - a potion of degeneration {unknown}
Comestibles
 f - a ration


   Skills:
 * Level 3.2 Fighting
 * Level 2.4 Axes
 + Level 2.6 Armour
 + Level 2.9 Shields


You had 2 spell levels left.
You didn't know any spells.
Your spell library was empty.

Dungeon Overview and Level Annotations

Branches:
Dungeon (2/15)

Altars:


Innate Abilities, Weirdness & Mutations

You have extremely sharp teeth.
When hurt, damage is shared between your health and your magic reserves.
Your bite disrupts and absorbs the magic of your enemies.
Potions cannot restore your health.
You are immune to rotting.


Message History

The goblin hits you but does no damage.
Your shield and scale mail prevent you from hitting the goblin.
You bite the goblin. You drain its power.
The goblin is heavily wounded.
You hit the jelly. The acid corrodes you!
Your hands burn!
The jelly barely misses you. The goblin barely misses you.
You slash the goblin!
You kill the goblin!
You hit the jelly but do no damage.
Your hands burn!
The jelly barely misses you. The jelly hits you.
You are splashed with acid!
Ouch! That really hurt!
* * * LOW HITPOINT WARNING * * *
You see here a goblin corpse.
You hit the jelly but do no damage.
Your hands burn!
* * * LOW HITPOINT WARNING * * *
The jelly is lightly wounded.
The jelly hits you.
* * * LOW HITPOINT WARNING * * *
You are splashed with acid!
You die...

#.......#.##..#
#...(...#.# ..#
###....†..#.##..##.#
#.......#...##..##..♣♣
....#.#.#..###..#.P♣.♣
.#..#......# #..#..PP♣P
##.###....###..#....PP
♣..........##.......P
....#####....@J.#...# .
♣## #...........##.##
♣..####..####...†....>#
♣.<.......###....#....#
.###...####...#.........#
.........................#
#########.#..............#
#..........♣.♣...#
###.......##.....#


You could see a jelly.

Vanquished Creatures
  A gnoll (D:1)
  An ooze (D:1)
  6 goblins
  A hobgoblin (D:1)
  2 jackals (D:2)
  A quokka (D:2)
  A ball python (D:2)
  3 bats (D:1)
  3 frilled lizards
  2 kobolds
  5 rats
26 creatures vanquished.

Notes
Turn   | Place    | Note
-------+----------+-------------------------------------------
     0 | D:1      | Martska the Vine Stalker Fighter began the quest for the
                  | Orb.
     0 | D:1      | Reached XP level 1. HP: 11/11 MP: 2/2
   159 | D:1      | Reached XP level 2. HP: 11/16 MP: 3/3
   328 | D:1      | Reached skill level 3 in Fighting
   379 | D:1      | Reached XP level 3. HP: 16/20 MP: 4/4
   806 | D:2      | Splashed by a jelly's acid

Skill      XL: |  1  2 |
---------------+-------+-----
Axes           | 2 |  2.4
Fighting       | 3 |  3.2
Armour         | |  2.6
Shields        | |  2.9

Action                   || total
-------------------------++-------
Melee: War axe           ||    81
       Bite              ||    15
Armor: Scale mail        ||    48
Dodge: Dodged            ||    42
Block: Shield            ||    59
